 Dungeon Crawl Stone Soup version 0.32-a0-42-ga30500b4d3 (webtiles) character file.

Game seed: 9784677608842258653

237438 seren the Lord of Darkness (level 18, -2/129 (132) HPs)
             Began as a Demonspawn Necromancer on Feb 1, 2024.
             Was the Champion of Kikubaaqudgha.
             Slain by a +3 trident of venom (10 damage)
             ... animated by Zenata
             ... on level 1 of the Vaults on Feb 2, 2024.
             The game lasted 05:18:26 (58907 turns).

seren the Lord of Darkness (DsNe)                  Turns: 58907, Time: 05:18:26

HP:   -2/129 (132)  AC: 34    Str: 12    XL:     18   Next: 53%
MP:   36/36         EV: 14    Int: 28    God:    Kikubaaqudgha [******]
Gold: 1279          SH:  8    Dex: 14    Spells: 8/45 levels left

rFire   + + .        A - +1 short sword "Opritua" {heavy, ^Drain Int+6 Stlth+}
rCold   + . .        u - +2 buckler {AC+3}
rNeg    + . .        x - +4 ring mail of Day {rElec rF++ rC+ Stlth+}
rPois   +            (helmet unavailable)
rElec   +            Z - +0 cloak
rCorr   .            q - +2 pair of gloves
SInv    +            b - +2 pair of boots {Stlth+}
Will    +....        G - amulet of magic regeneration
Stlth   ++++++       U - ring of the Taurataur {rN+ Str+2}
HPRegen 0.41/turn    o - ring of poison resistance
MPRegen 0.65/turn

%: no passive effects
@: lethally poisoned (-2 -> -23), about to teleport, sanguine armoured, lightly
drained
A: antennae 3, powered by death 2, sanguine armour 3, demonic magic 2
}: 2/15 runes: decaying, gossamer
a: Renounce Religion, Unearth Wretches, Torment


You were on level 1 of the Vaults.
You worshipped Kikubaaqudgha.
Kikubaaqudgha was exalted by your worship.
You visited 7 branches of the dungeon, and saw 33 of its levels.
You also visited: Volcano.

You collected 2772 gold pieces.
You spent 1493 gold pieces at shops.

Inventory:

Hand Weapons
 c - a +2 falchion of pain
 y - a +2 rapier of speed
 A - the +1 short sword "Opritua" (weapon) {heavy, ^Drain Int+6 Stlth+}
   (You bought it in a shop on level 7 of the Dungeon)

   Int+6:     It affects your intelligence (+6).
   ^Drain:    It drains your maximum health when unequipped.
   Stlth+:    It makes you more stealthy.
 L - a +4 scimitar of flaming
Missiles
 r - 36 poisoned darts
 B - 18 atropa-tipped darts
 Q - 8 curare-tipped darts (quivered)
Armour
 b - a +2 pair of boots of stealth (worn)
 i - a +2 robe of willpower
 q - a +2 pair of gloves (worn)
 u - a +2 buckler of protection (worn)
 x - the +4 ring mail of Day (worn) {rElec rF++ rC+ Stlth+}
   (You bought it in a shop on level 2 of the Orcish Mines)

   rF++:      It greatly protects you from fire.
   rC+:       It protects you from cold.
   rElec:     It insulates you from electricity.
   Stlth+:    It makes you more stealthy.
 Z - a +0 cloak (worn)
Magical Staves
 a - a staff of death
Jewellery
 n - the ring "Xes Zum" {Ice rElec Str-3 Dex+7}
   (You found it on level 4 of the Spider Nest)

   [ring of ice]

   Ice:       It enhances your ice magic.
   Str-3:     It affects your strength (-3).
   Dex+7:     It affects your dexterity (+7).
   rF-:       It makes you vulnerable to fire.
   rC+:       It protects you from cold.
   rElec:     It insulates you from electricity.
 o - a ring of poison resistance (right hand)
 p - an amulet of faith
 w - an amulet of reflection
 E - a ring of resist corrosion
 G - an amulet of magic regeneration (around neck)
 R - a +4 ring of protection
 U - the ring of the Taurataur (left hand) {rN+ Str+2}
   (You bought it in a shop on level 5 of the Dungeon)

   [ring of positive energy]

   Str+2:     It affects your strength (+2).
   rN+:       It protects you from negative energy.
 V - a ring of protection from cold
Wands
 e - a wand of paralysis (15)
 k - a wand of mindburst (9)
 l - a wand of acid (12)
 F - a wand of flame (11)
 I - a wand of iceblast (24)
 J - a wand of digging (8)
 O - a wand of polymorph (5)
Scrolls
 f - 3 scrolls of revelation
 g - 6 scrolls of fog
 j - 2 scrolls of teleportation {!r}
 s - 2 scrolls of butterflies
 t - 2 scrolls of poison
 C - a scroll of silence
 H - a scroll of fear
Potions
 d - 9 potions of curing
 h - a potion of invisibility
 m - 2 potions of mutation {!q}
 v - 2 potions of might
 z - a potion of lignification
 D - a potion of resistance
 K - 4 potions of brilliance
 M - 3 potions of enlightenment
 P - a potion of cancellation
 S - a potion of haste
 T - 2 potions of attraction
 X - 6 potions of ambrosia


   Skills:
 + Level 9.2 Fighting
 - Level 8.0 Short Blades
 - Level 10.0 Armour
 - Level 10.0 Dodging
 - Level 7.0 Stealth
 - Level 8.0 Shields
 - Level 14.0 Spellcasting
 - Level 5.0 Hexes
 - Level 14.0 Summonings
 + Level 17.8 Necromancy
 - Level 6.0 Evocations


You had 8 spell levels left.
You knew the following spells:

 Your Spells              Type           Power      Damage    Failure   Level
a - Necrotise             Necr           100%       1d9       0%          1
b - Vampiric Draining     Necr           88%        2d12      0%          3
c - Animate Dead          Necr           88%        N/A       1%          4
d - Cigotuvi's Dreadful   Necr/Alch/Air  100%       N/A       1%          2
e - Curse of Agony        Necr           88%        N/A       1%          5
f - Dispel Undead         Necr           88%        3d28      1%          4
g - Anguish               Hex/Necr       35%        N/A       1%          4
h - Haunt                 Necr/Summ      41%        N/A       8%          7
i - Sublimation of Blood  Necr           88%        N/A       0%          2
m - Summon Mana Viper     Hex/Summ       64%        N/A       3%          5

Your spell library contained the following spells:

 Spells                   Type           Power      Damage    Failure   Level
 Fugue of the Fallen      Necr           88%        N/A       0%          3
 Kiss of Death            Conj/Necr      100%       2d13      1%          1
 Summon Small Mammal      Summ           100%       N/A       1%          1
 Call Imp                 Summ           100%       N/A       1%          2
 Jinxbite                 Hex            94%        N/A       1%          2
 Summon Ice Beast         Ice/Summ       56%        N/A       1%          3
 Martyr's Knell           Necr/Summ      83%        N/A       1%          4
 Death Channel            Necr           44%        N/A       1%          6
 Ensorcelled Hibernation  Hex/Ice        66%        N/A       3%          2
 Foxfire                  Conj/Fire      76%        2x1d7     6%          1
 Sandblast                Erth           38%        2d10      6%          1
 Shock                    Conj/Air       76%        1d7       6%          1
 Inner Flame              Hex/Fire       33%        N/A       7%          3
 Blink                    Tloc           38%        N/A       10%         2
 Lesser Beckoning         Tloc           38%        N/A       10%         2
 Mercury Vapours          Alch/Air       38%        N/A       10%         2
 Momentum Strike          Conj/Tloc      38%        3d9       10%         2
 Monstrous Menagerie      Summ           39%        N/A       17%         7
 Summon Hydra             Summ           39%        N/A       17%         7
 Frozen Ramparts          Ice            38%        1d6       19%         3
 Mephitic Cloud           Conj/Alch/Air  19%        N/A       19%         3
 Passwall                 Erth           19%        N/A       19%         3
 Stone Arrow              Conj/Erth      38%        3d9       19%         3
 Borgnjor's Revivificati  Necr           44%        N/A       28%         8
 Infestation              Necr           44%        N/A       28%         8
 Brom's Barrelling Bould  Conj/Erth      19%        2d4       54%         4
 Flame Wave               Conj/Fire      19%        2d7       54%         4
 Ignite Poison            Fire/Alch      19%        N/A       54%         4
 Leda's Liquefaction      Alch/Erth      9%         N/A       54%         4
 Petrify                  Alch/Erth      19%        N/A       54%         4
 Sticky Flame             Fire/Alch      19%        2d6       54%         4
 Metabolic Englaciation   Hex/Ice        16%        N/A       54%         5
 Summon Horrible Things   Summ           39%        N/A       80%         8
 Freezing Cloud           Conj/Ice/Air   9%         6-21      87%         5
 Lee's Rapid Deconstruct  Erth           9%         3d7*      87%         5
 Bombard                  Conj/Erth      9%         9d2       100%        6
 Plasma Beam              Fire/Air       9%         2x1d20    100%        6
 Sculpt Simulacrum        Ice/Alch       9%         N/A       100%        6
 Starburst                Conj/Fire      9%         6d5       100%        6
 Enfeeble                 Hex            23%        N/A       100%        7
 Ozocubu's Refrigeration  Ice            9%         4d9       100%        7
 Ignition                 Fire           9%         3d5       100%        8
 Death's Door             Necr           44%        N/A       99%         9
 Chain Lightning          Conj/Air       9%         3d12      100%        9
 Fire Storm               Conj/Fire      9%         8d3       100%        9
 Polar Vortex             Ice            9%         12d1*     100%        9
 Shatter                  Erth           9%         3d11*     100%        9


Dungeon Overview and Level Annotations

Branches:
Dungeon (15/15)            Temple (1/1) D:4            Lair (5/5) D:11
  Swamp (4/4) Lair:2       Spider (4/4) Lair:3        Slime (0/5) Lair:5
    Orc (2/2) D:12            Elf (0/3) Orc:2        Vaults (2/5) D:14
 Depths (0/4) D:15        Volcano (visited)
  Crypt: Vaults:2-3

Altars:
Ashenzari
Cheibriados
Dithmenos
Fedhas
Gozag
Hepliaklqana
Kikubaaqudgha
Makhleb
Nemelex Xobeh
Okawaru
Qazlal
Ru
Sif Muna
Trog
Uskayaw
Vehumet
Wu Jian
Xom
Yredelemnul

Shops:
D:5 =   D:6 *   D:7 (   Orc:1 ::   Orc:2 ((([   Vaults:1 [

Portals:
Trove: D:14 (show abyssal rune of Zot)

Annotations:
D:12 vault need flight, exclusion: downstairs
D:15 exclusion: stone giant
Swamp:1 2 transporters, reggie's ghost, journeyman DrHW
Swamp:3 exclusion: downstairs
Swamp:4 ! witch
Orc:1 exclusion: downstairs
Vaults:1 Zenata


Innate Abilities, Weirdness & Mutations

You have a pair of large antennae on your head. (SInv)
You regenerate health from kills.
When seriously injured, your blood forms very thick armour. (AC +12)
Spells you cast may paralyse nearby enemies.


Message History

You block the +3 trident of venom's attack.
The +1 dire flail of venom hits you.
* * * LOW HITPOINT WARNING * * *
The +3 hand axe of draining closely misses you.
The +3 trident of venom hits you but does no damage.
You are more poisoned.
You feel extremely sick.
The +3 trident of venom attacks as it pursues you!
The +3 trident of venom hits you but does no damage.
You are more poisoned.
The +1 dire flail of venom hits you!
* * * LOW HITPOINT WARNING * * *
The +3 hand axe of draining hits you but does no damage.
You partially resist.
You block the +3 trident of venom's attack.
The +1 dire flail of venom hits you but does no damage.
You feel extremely sick. The +1 dire flail of venom hits you!!
* * * LOW HITPOINT WARNING * * *
The +3 hand axe of draining hits you but does no damage.
You partially resist.
The +3 trident of venom hits you but does no damage.
The +1 dire flail of venom hits you.
* * * LOW HITPOINT WARNING * * *
Zenata casts a spell at you.
A blast of power from the earth and the adjacent constructs strikes you!
* * * LOW HITPOINT WARNING * * *
The +3 hand axe of draining hits you but does no damage.
You partially resist.
There is an open door, spattered with blood here.
Press: ? - help, v - describe, . - travel
Here: a +3 trident of venom (summoned, fast)
The floor.
As you read the scroll of teleportation {!r}, it crumbles to dust.
You feel strangely unstable.
* * * LOW HITPOINT WARNING * * *
You feel very sick.
The +3 trident of venom hits you from afar!
You die...
Kikubaaqudgha rasps: "You have failed me!
Welcome... death!"

............................
##################a#########
########..........#
#......'..........#
#......#..........#
#......#..........#
#.>....#..........#
#......#((........#
#......@(.........#
###################


You could see Zenata and 3 dancing weapons.

Vanquished Creatures
  A tengu reaver (D:12)
  An azure jelly (Swamp:4)
  A ghost moth (Spider:4)
  An emperor scorpion (Spider:3)
  Louise (Spider:4)
  An ironbound preserver (Vaults:1)
  A broodmother (Spider:4)
  A formless jellyfish (Vaults:1)
  The ghost of seren the Lord of Darkness, a journeyman DsNe of Kikubaaqudgha (Lair:4)
  A spark wasp (Spider:1)
  2 bunyips
  3 eleionomae (Swamp:4)
  Josephine (D:10)
  3 ghost crabs
  2 ogre magi (Orc:2)
  An ice dragon (Swamp:4)
  A hydra (Swamp:4)
  A catoblepas (Lair:5)
  Erolcha (D:11)
  5 alligators
  3 centaur warriors
  5 boulder beetles
  A death scarab (Spider:3)
  5 two-headed ogres
  4 death yaks
  Urug (Lair:4)
  A skyshark (Lair:4)
  A pharaoh ant (Spider:4)
  A goliath frog (Swamp:1)
  A spriggan rider (Swamp:1)
  A swamp dragon (Swamp:1)
  6 deep trolls
  A bog body (Swamp:1)
  3 spriggan druids
  Pikel (D:7)
  A phantasmal warrior (D:14)
  A flayed ghost (D:12)
  A lindwurm (Lair:5)
  2 bunyip skeletons (Swamp:4)
  5 deep elf zephyrmancers
  3 wolf spiders
  3 steelbarb worms
  4 deep elf pyromancers
  2 cyclopes
  3 ugly things
  2 will-o-the-wisps
  An orc sorcerer (Orc:1)
  2 manticores
  A moth of wrath (shapeshifter) (D:12)
  A toenail golem (Lair:5)
  10 elephants
  3 black mambas
  11 cane toads
  An unseen horror (D:12)
  A rime drake (shapeshifter) (D:14)
  4 rime drakes
  5 freezing wraiths
  Psyche (D:8)
  2 komodo dragons (Lair:5)
  An efreet (D:15)
  A queen bee (shapeshifter) (D:13)
  7 trolls
  A bloated husk (Swamp:4)
  A polar bear (Lair:4)
  6 tyrant leeches
  12 tarantellas
  6 hornets
  A queen bee (Lair:1)
  Grinder (D:5)
  6 blink frogs (Lair:2)
  9 jumping spiders
  8 slime creatures
  A shadow (D:10)
  6 wraiths
  5 spriggans
  2 vampires
  9 wyverns
  14 culicivoras
  2 fire elementals
  39 yaks
  3 swamp worm simulacra (Swamp:4)
  18 redbacks
  4 basilisks
  3 wargs
  Menkaure (D:5)
  25 vampire mosquitoes
  2 acid dragons
  10 swamp worms
  14 hydra simulacra (Swamp:4)
  3 hell hounds (Lair:5)
  10 water moccasins
  6 ice beasts
  13 orc warriors
  3 swamp drakes
  A sky beast (D:7)
  2 laughing skulls (D:13)
  3 black bears
  4 wolves
  9 ogres
  A boggart (D:14)
  10 centaurs
  A phantom (D:6)
  3 kobold brigands
  A lemure (D:6)
  14 bullfrogs
  5 nameless horrors
  A scorpion (D:4)
  15 wights
  20 killer bees
  4 electric eels
  3 howler monkeys (D:10)
  4 bombardier beetles
  2 centaur zombies (D:8)
  3 hounds (D:5)
  6 jellies
  13 orc priests
  A gnoll bouda (D:9)
  A sleepcap (D:4)
  An iguana (D:5)
  Natasha (thrice) (D:3)
  17 orc wizards
  A statue (D:3)
  2 ogre zombies (D:8)
  A mummy (D:8)
  Robin (D:2)
  16 gnolls
  11 adders
  2 river rats (D:3)
  A white imp (D:6)
  4 ufetubi
  A swamp drake simulacrum (Swamp:4)
  3 dart slugs
  2 ribbon worms (D:3)
  38 orcs
  4 endoplasms
  2 giant cockroaches (D:1)
  10 goblins
  5 hobgoblins
  7 jackals
  20 kobolds
  A quokka (D:1)
  9 ball pythons
  3 bats (D:3)
  2 frilled lizards (D:1)
  6 rats
688 creatures vanquished.

Vanquished Creatures (collateral kills)
  Rupert (Lair:5)
  Asterion (Spider:3)
  A sphinx (Vaults:1)
  Kirke (D:15)
  A tengu reaver (Vaults:1)
  A frost giant (D:12)
  An azure jelly (Swamp:4)
  A vault warden (Vaults:1)
  6 ghost moths
  5 emperor scorpions
  The ghost of Citaecs the Protected, a journeyman AtMo of Yredelemnul (Lair:4)
  4 broodmothers
  The ghost of Noful the Brawler, a journeyman TrFi of Ashenzari (Lair:4)
  5 ironbound preservers (Vaults:1)
  A stone giant (Vaults:1)
  2 ironbound thunderhulks (Vaults:1)
  A deep elf death mage (Vaults:1)
  2 eleionomae
  A dire elephant (Vaults:1)
  Azrael (Spider:2)
  A spark wasp (Spider:3)
  An ettin (D:12)
  6 entropy weavers
  2 great orbs of eyes (Vaults:1)
  An ice dragon (Swamp:4)
  An ogre mage (D:12)
  3 hydras
  The ghost of nago the Thaumaturge, a journeyman DjDe of Makhleb (D:11)
  6 two-headed ogres (Orc:2)
  2 jorogumos
  A death knight (D:14)
  3 boulder beetles
  8 demonic crawlers
  A death yak (Lair:4)
  A deep troll earth mage (D:12)
  Sonja (Lair:4)
  A fire crab (shapeshifter) (Vaults:1)
  4 pharaoh ants
  2 goliath frogs
  7 orb spiders
  A lindwurm (Vaults:1)
  A deep troll (shapeshifter) (D:12)
  An arcanist (Vaults:1)
  A sun moth (Spider:4)
  8 deep trolls (Vaults:1)
  2 spriggan druids
  2 bog bodies
  An ironbound convoker (Vaults:1)
  An orc knight (Vaults:1)
  3 deep elf pyromancers
  5 steelbarb worms
  4 harpies (Vaults:1)
  2 ugly things (D:15)
  A deep elf zephyrmancer (D:12)
  7 wolf spiders
  A manticore (D:14)
  3 meliai (Spider:3)
  3 moths of wrath
  3 cyclopes
  A kobold blastminer (Orc:2)
  2 molten gargoyles (Lair:5)
  2 elephants
  3 torpor snails
  A black mamba (Lair:5)
  6 vault sentinels (Vaults:1)
  A cane toad (shapeshifter) (D:12)
  An unseen horror (D:12)
  A rime drake (Lair:4)
  A freezing wraith (Swamp:4)
  An efreet (D:15)
  5 komodo dragons
  6 trolls
  A tyrant leech (Swamp:4)
  2 hornets
  4 polar bears (Lair:4)
  3 nameless horrors
  16 tarantellas
  10 slime creatures
  11 jumping spiders
  2 shadows (D:12)
  10 culicivoras
  12 yaks
  2 spriggans
  4 fire elementals
  2 basilisks (Lair:5)
  3 hogs (D:15)
  A swamp worm simulacrum (Swamp:4)
  A warg (Orc:2)
  26 redbacks
  A steam dragon (Lair:5)
  2 vampire mosquitoes (Swamp:1)
  4 swamp worms
  A water moccasin (Lair:2)
  2 hell hounds
  A swamp drake (Swamp:1)
  2 boggarts
  8 ogres (Orc:2)
  2 centaurs (D:13)
  2 swamp dragon skeletons (Swamp:4)
  A wolf (Lair:2)
  3 bullfrogs (Lair:1)
  An electric eel (Spider:4)
  3 lava snakes (Lair:5)
  2 orc priests (D:12)
  A sleepcap (D:6)
  An orc wizard (Orc:2)
  A white imp (D:7)
  3 swamp drake simulacra (Swamp:4)
  6 orcs
  3 rats (D:3)
332 creatures vanquished.

Vanquished Creatures (others)
  An orc warlord (Vaults:1)
  A fire dragon (D:12)
  A shambling mangrove (Swamp:3)
  2 hydras
  A death knight (D:12)
  An alligator (Lair:5)
  2 tengu warriors (D:15)
  2 hell hogs (Lair:5)
  2 emperor scorpion zombies (Spider:4)
  A pharaoh ant (Spider:1)
  6 deep trolls (Vaults:1)
  A broodmother zombie (Spider:4)
  An orc knight (Vaults:1)
  3 wolf spider zombies (Spider:4)
  4 ugly thing zombies (D:15)
  3 eleionoma zombies (Swamp:4)
  An ugly thing (D:15)
  A manticore (D:12)
  2 elephants
  2 black mambas
  A dire elephant zombie (Vaults:1)
  A torpor snail (Lair:5)
  3 orb spider zombies (Spider:4)
  2 komodo dragons
  2 steelbarb worm zombies (Spider:4)
  13 redback zombies
  3 hydra zombies
  A polar bear (Lair:4)
  A troll (Orc:1)
  A bloated husk (Swamp:3)
  2 demonic crawler zombies (Spider:4)
  4 harpy zombies (Vaults:1)
  2 blink frogs (Lair:2)
  A sun moth zombie (Spider:4)
  5 jumping spider zombies
  3 tarantella zombies (Spider:4)
  A boulder beetle zombie (D:12)
  2 hornets
  5 culicivora zombies
  2 ice dragon zombies (Swamp:4)
  7 slime creature zombies
  2 yaks (Lair:2)
  A tyrant leech zombie (Swamp:1)
  A warg (Orc:1)
  A redback (Spider:4)
  8 deep troll zombies
  5 two-headed ogre zombies (Orc:2)
  A hell hound (Lair:5)
  A water moccasin (Lair:5)
  An entropy weaver zombie (Spider:2)
  2 elf zombies (D:12)
  2 orc warriors
  A hornet zombie (Swamp:1)
  7 elephant zombies
  A lindwurm zombie (Vaults:1)
  An ogre (Orc:2)
  A wolf (Lair:2)
  3 blink frog zombies (Lair:2)
  A torpor snail zombie (Lair:5)
  A rime drake zombie (Lair:1)
  5 human zombies (Vaults:1)
  2 hell hound zombies
  A warg zombie (D:12)
  4 wyvern zombies
  A cyclops zombie (D:12)
  A water moccasin zombie (Lair:5)
  A polar bear zombie (Lair:4)
  A killer bee (D:10)
  12 yak zombies
  5 troll zombies
  An electric eel (D:12)
  A wolf zombie (D:12)
  6 bullfrog zombies
  A lava snake (Lair:5)
  3 centaur zombies (D:13)
  An orc priest (Orc:2)
  3 orc wizards
  8 ogre zombies
  A steam dragon zombie (Lair:5)
  2 lava snake zombies (Lair:5)
  6 orcs
  6 kobold zombies (D:10)
  22 orc zombies
  27 foxfires
262 creatures vanquished.

Grand Total: 1282 creatures vanquished

Notes
Turn   | Place    | Note
-------+----------+-------------------------------------------
     0 | D:1      | seren the Demonspawn Necromancer began the quest for the
                  | Orb.
     0 | D:1      | Reached XP level 1. HP: 13/13 MP: 3/3
   320 | D:1      | Gained mutation: You have a pair of small antennae on your
                  | head. [demonic ancestry]
   320 | D:1      | Reached XP level 2. HP: 19/19 MP: 0/5
   833 | D:2      | Gained mutation: When seriously injured, your blood forms
                  | armour. (AC +12) [demonic ancestry]
   833 | D:2      | Reached XP level 3. HP: 23/24 MP: 3/6
   868 | D:2      | Found a faded altar of an unknown god.
  1124 | D:2      | Got the Tome of Conflagration and the Salvo
  1247 | D:2      | Noticed Robin
  1254 | D:2      | Killed Robin
  1255 | D:2      | Gained mutation: When seriously injured, your blood forms
                  | thick armour. (AC +12) [demonic ancestry]
  1255 | D:2      | Reached XP level 4. HP: 30/30 MP: 2/8
  1690 | D:3      | Reached skill level 5 in Necromancy
  1821 | D:3      | Noticed Natasha
  1831 | D:3      | Killed Natasha
  1832 | D:3      | Gained mutation: Spells you cast may paralyse adjacent
                  | enemies. [demonic ancestry]
  1832 | D:3      | Reached XP level 5. HP: 29/35 MP: 4/9
  1851 | D:3      | Noticed Natasha
  1862 | D:3      | Killed Natasha
  2166 | D:3      | Noticed Natasha
  2172 | D:3      | Killed Natasha
  2734 | D:3      | Found a radiant altar of Vehumet.
  2734 | D:3      | Noticed a charred statue
  2946 | D:4      | Found a staircase to the Ecumenical Temple.
  2955 | Temple   | Entered the Ecumenical Temple
  2990 | Temple   | Became a worshipper of Kikubaaqudgha
  3041 | D:4      | Reached skill level 1 in Short Blades
  3041 | D:4      | Reached XP level 6. HP: 22/41 MP: 4/11
  3167 | D:4      | Found a shadowy altar of Dithmenos.
  3673 | D:5      | Entered Level 5 of the Dungeon
  3721 | D:5      | Noticed Grinder
  3800 | D:5      | Noticed Menkaure
  4561 | D:5      | Gained mutation: You have a pair of antennae on your head.
                  | [demonic ancestry]
  4561 | D:5      | Reached XP level 7. HP: 22/45 MP: 12/12
  4566 | D:5      | Learned a level 3 spell: Vampiric Draining
  4571 | D:5      | Learned a level 4 spell: Animate Dead
  4748 | D:5      | Killed Menkaure
  4749 | D:5      | Reached skill level 6 in Necromancy
  5045 | D:5      | Found Tycreit's Jewellery Shop.
  5281 | D:5      | Paralysed by Grinder for 4 turns
  5295 | D:5      | Killed Grinder
  5661 | D:5      | Reached XP level 8. HP: 52/52 MP: 8/14
  5764 | D:5      | Reached skill level 7 in Necromancy
  6041 | D:5      | Reached skill level 1 in Fighting
  6198 | D:6      | Found an ornate altar of the Wu Jian Council.
  6220 | D:6      | Reached * piety under Kikubaaqudgha
  6220 | D:6      | Received a gift from Kikubaaqudgha
  6305 | D:7      | Noticed Pikel
  6305 | D:7      | Found a bloodstained altar of Trog.
  6550 | D:7      | Reached skill level 5 in Stealth
  6634 | D:7      | Learned a level 2 spell: Cigotuvi's Dreadful Rot
  6674 | D:6      | Found Waqi's Assorted Antiques.
  6683 | D:6      | Bought a grey potion for 21 gold pieces
  6858 | D:6      | Reached skill level 8 in Necromancy
  6884 | D:6      | Reached skill level 5 in Spellcasting
  6884 | D:6      | Reached skill level 1 in Evocations
  6884 | D:6      | Reached XP level 9. HP: 62/62 MP: 3/16
  7492 | D:7      | Found Buluor's Weapon Shoppe.
  7846 | D:7      | Reached skill level 5 in Dodging
  8002 | D:7      | Reached ** piety under Kikubaaqudgha
  8114 | D:7      | Learned a level 5 spell: Curse of Agony
  8358 | D:7      | Killed Pikel
  8359 | D:7      | Reached skill level 9 in Necromancy
  9106 | D:8      | Noticed Psyche
  9712 | D:8      | Gained mutation: When seriously injured, your blood forms
                  | very thick armour. (AC +12) [demonic ancestry]
  9712 | D:8      | Reached XP level 10. HP: 63/64 MP: 18/18
 10126 | D:9      | Reached skill level 5 in Short Blades
 10133 | D:8      | Reached skill level 10 in Necromancy
 10229 | D:9      | Identified the +1 leather armour of the Arcane {Harm rF++
                  | rC- Int+3}
 10392 | D:9      | Identified the +3 plate armour "Mohahihe" {rElec Will+
                  | rCorr Dex+3}
 10417 | D:9      | Reached *** piety under Kikubaaqudgha
 10417 | D:9      | Received a gift from Kikubaaqudgha
 10626 | D:9      | Noticed a centaur warrior
 10766 | D:8      | Killed Psyche
 11155 | D:8      | Found an opulent altar of Gozag.
 11158 | D:8      | Found a hide-covered altar of Uskayaw.
 11602 | D:9      | Noticed a two-headed ogre
 11605 | D:9      | Killed a two-headed ogre
 11606 | D:9      | Reached skill level 1 in Armour
 12066 | D:9      | Killed a centaur warrior
 12067 | D:9      | Gained mutation: You regenerate a little health from kills.
                  | [demonic ancestry]
 12067 | D:9      | Reached XP level 11. HP: 68/75 MP: 13/20
 12178 | D:9      | Found a snail-covered altar of Cheibriados.
 12660 | D:9      | Reached skill level 11 in Necromancy
 12792 | D:10     | Entered Level 10 of the Dungeon
 12846 | D:10     | Reached skill level 5 in Evocations
 13736 | D:10     | Learned a level 4 spell: Dispel Undead
 13741 | D:10     | Learned a level 4 spell: Anguish
 14133 | D:10     | Reached **** piety under Kikubaaqudgha
 14335 | D:10     | Noticed Josephine
 14662 | D:10     | Killed Josephine
 15122 | D:11     | Found a runed translucent door.
 15126 | D:11     | Noticed nago's ghost (journeyman DjDe)
 15169 | D:11     | Noticed a two-headed ogre
 15640 | D:6      | Bought 3 scrolls of identify for 144 gold pieces
 16048 | D:11     | Killed a two-headed ogre
 16050 | D:11     | Noticed Erolcha
 16260 | D:11     | Reached skill level 12 in Necromancy
 16478 | D:11     | Found a staircase to the Lair.
 16519 | Lair:1   | Entered Level 1 of the Lair of Beasts
 16693 | D:5      | Bought a ring of poison resistance for 220 gold pieces
 17215 | D:11     | Killed Erolcha
 17439 | D:11     | Noticed a boulder beetle
 17444 | D:11     | Killed a boulder beetle
 17740 | D:12     | Gained mutation: You regenerate health from kills. [demonic
                  | ancestry]
 17740 | D:12     | Reached XP level 12. HP: 79/84 MP: 18/23
 18395 | D:12     | Reached skill level 5 in Fighting
 18874 | D:12     | Found a staircase to the Orcish Mines.
 19093 | D:12     | Reached skill level 13 in Necromancy
 19737 | D:13     | Noticed a two-headed ogre
 19750 | D:13     | Killed a two-headed ogre
 19777 | D:13     | Found an iron altar of Okawaru.
 19849 | D:13     | Noticed a centaur warrior
 20310 | D:13     | Killed a centaur warrior
 20401 | D:13     | Identified the +6 trident of the Fray {heavy, rElec}
 20488 | D:13     | Noticed a centaur warrior
 20492 | D:13     | Killed a centaur warrior
 20510 | D:13     | Reached ***** piety under Kikubaaqudgha
 20885 | Orc:1    | Entered Level 1 of the Orcish Mines
 21002 | Orc:1    | Found Wunu's Vocational Training.
 21055 | Orc:2    | Entered Level 2 of the Orcish Mines
 21156 | Orc:1    | Found Numuiphu's Book Emporium.
 22623 | Lair:1   | Reached skill level 14 in Necromancy
 22623 | Lair:1   | Gained mutation: You have a pair of large antennae on your
                  | head. (SInv) [demonic ancestry]
 22623 | Lair:1   | Reached XP level 13. HP: 91/91 MP: 6/26
 22898 | Lair:1   | Reached skill level 10 in Spellcasting
 24011 | Lair:2   | Found a stormy altar of Qazlal.
 24289 | Lair:2   | Found a staircase to the Swamp.
 24289 | Lair:2   | Noticed an eleionoma
 25846 | Lair:2   | Killed an eleionoma
 25847 | Lair:2   | Reached skill level 5 in Armour
 25892 | Lair:2   | Reached skill level 15 in Necromancy
 26169 | Lair:3   | Found an iron altar of Okawaru.
 26564 | Lair:3   | Found a hole to the Spider Nest.
 27439 | Lair:4   | Noticed Urug
 27447 | Lair:4   | Killed Urug
 27516 | Lair:4   | Reached ****** piety under Kikubaaqudgha
 27517 | Lair:4   | Received a gift from Kikubaaqudgha (forbidden knowledge)
 27522 | Lair:4   | Your ally Urug died
 27656 | Lair:3   | Learned a level 7 spell: Haunt
 27739 | Lair:4   | Reached skill level 1 in Summonings
 27810 | Lair:4   | Noticed Sonja
 27813 | Lair:4   | Reached XP level 14. HP: 101/101 MP: 2/28
 27823 | Lair:4   | Killed Sonja
 27857 | Lair:4   | Found a runed translucent gate.
 27857 | Lair:4   | Found a runed translucent gate.
 27858 | Lair:4   | Found a runed translucent gate.
 27862 | Lair:4   | Noticed seren's ghost (journeyman DsNe)
 27862 | Lair:4   | Noticed Noful's ghost (journeyman TrFi)
 27864 | Lair:4   | Noticed Citaecs's ghost (journeyman AtMo)
 28533 | Lair:5   | Entered Level 5 of the Lair of Beasts
 28634 | Lair:5   | Found a dark tunnel.
 28640 | Volcano  | Entered a volcano
 28885 | Lair:5   | Found a staircase to the Slime Pits.
 28931 | Lair:5   | Noticed Rupert
 28937 | Lair:5   | Paralysed by Rupert for 2 turns
 29317 | Orc:1    | Reached skill level 5 in Summonings
 29871 | Orc:2    | Reached skill level 1 in Hexes
 30324 | Orc:2    | Found Digipuni's Weapon Shop.
 30656 | Orc:2    | Found a staircase to the Elven Halls.
 30765 | Orc:2    | Found Luskuf's Weapon Boutique.
 30770 | Orc:2    | Found Oquof's Antique Armour Emporium.
 30785 | Orc:2    | Found Qumul's Antique Weapon Shop.
 31234 | Orc:2    | Bought a pair of embroidered boots for 187 gold pieces
 31252 | Orc:2    | Bought a faintly humming ring mail for 225 gold pieces
 31252 | Orc:2    | Identified the +4 ring mail of Day {rElec rF++ rC+ Stlth+}
                  | (You bought it in a shop on level 2 of the Orcish Mines)
 31464 | D:7      | Bought the +1 short sword "Opritua" {heavy, ^Drain Int+6
                  | Stlth+} for 353 gold pieces
 31471 | D:7      | Learned a level 5 spell: Summon Mana Viper
 32088 | Swamp:1  | Entered Level 1 of the Swamp
 32092 | Swamp:1  | Found a transporter.
 32094 | Swamp:1  | Found a transporter.
 32100 | Swamp:1  | Found a bloodstained altar of Trog.
 32100 | Swamp:1  | Noticed a spriggan defender
 32100 | Swamp:1  | Noticed reggie's ghost (journeyman DrHW)
 32604 | D:5      | Bought the ring of the Taurataur {rN+ Str+2} for 343 gold
                  | pieces
 33091 | Spider:1 | Entered Level 1 of the Spider Nest
 33801 | Lair:5   | Found a hazy altar of Hepliaklqana.
 33859 | Lair:5   | Killed Rupert
 34604 | Lair:5   | Reached XP level 15. HP: 95/106 MP: 30/30
 35261 | Lair:5   | Found a large runed translucent door.
 35267 | Lair:5   | Found a large runed translucent door.
 35692 | Lair:5   | Reached skill level 5 in Hexes
 35800 | Lair:5   | Reached skill level 10 in Summonings
 36040 | Lair:1   | Identified 2 scrolls of acquirement
 36041 | Lair:1   | Acquired the Papyrus of the Summoned Wyrd
 36043 | Lair:1   | Acquired a +0 buckler of protection
 36610 | D:10     | Found a sacrificial altar of Ru.
 37087 | Swamp:1  | Reached skill level 1 in Shields
 40734 | Swamp:4  | Entered Level 4 of the Swamp
 40785 | Swamp:4  | Identified the +5 chain mail of Unreason {rC+}
 41009 | Swamp:4  | Learned a level 2 spell: Sublimation of Blood
 41832 | Swamp:4  | Reached skill level 5 in Shields
 42394 | Swamp:4  | Found an ancient bone altar of Kikubaaqudgha.
 42394 | Swamp:4  | Noticed a fenstrider witch
 42460 | Swamp:4  | Noticed a tentacled monstrosity
 43479 | D:14     | Found a gate to the Vaults.
 43912 | D:14     | Reached XP level 16. HP: 82/113 MP: 32/32
 44222 | D:14     | Found a portal to a secret trove of treasure.
 44390 | D:15     | Entered Level 15 of the Dungeon
 44458 | D:15     | Noticed Kirke
 44478 | D:15     | Killed Kirke
 45085 | D:15     | Found a shimmering altar of Xom.
 45085 | D:15     | Found a shimmering altar of Xom.
 45086 | D:15     | Found a shimmering altar of Xom.
 45087 | D:15     | Found a shimmering altar of Xom.
 45087 | D:15     | Found a shimmering altar of Xom.
 45087 | D:15     | Found a shimmering altar of Xom.
 45089 | D:15     | Found a shimmering altar of Xom.
 45565 | D:15     | Found a staircase to the Depths.
 46633 | Spider:1 | You fall into a shaft and drop 1 floor!
 48326 | Spider:2 | Identified the +5 flail of Nahej {vamp, Str+3}
 48331 | Spider:2 | Reached skill level 16 in Necromancy
 48592 | Spider:2 | Noticed Azrael
 48856 | Spider:3 | Identified the +3 kite shield of Follow the Leader {rF++
                  | Will- SInv Stlth+}
 50710 | Spider:2 | Killed Azrael
 50873 | Spider:2 | Reached XP level 17. HP: 118/118 MP: 28/33
 51183 | Spider:4 | Entered Level 4 of the Spider Nest
 51387 | Spider:4 | Noticed Louise
 52646 | Swamp:4  | Got a decaying rune of Zot
 52910 | D:11     | Killed nago's ghost
 53113 | Lair:4   | Killed Noful's ghost
 53122 | Lair:4   | Killed Citaecs's ghost
 53128 | Lair:4   | Killed seren's ghost
 53869 | Spider:4 | Noticed Asterion
 53873 | Spider:4 | Killed Louise
 53874 | Spider:4 | Reached skill level 10 in Dodging
 54070 | Spider:3 | Killed Asterion
 55072 | Spider:4 | Reached skill level 17 in Necromancy
 55275 | Spider:4 | Identified the ring "Xes Zum" {Ice rElec Str-3 Dex+7}
 55675 | Spider:4 | Got a gossamer rune of Zot
 55978 | Vaults:1 | Entered Level 1 of the Vaults
 56122 | Vaults:1 | Identified the maw talisman of the Arena {rCorr}
 56646 | D:12     | Gained mutation: Spells you cast may paralyse nearby
                  | enemies. [demonic ancestry]
 56646 | D:12     | Reached XP level 18. HP: 121/129 MP: 27/35
 56891 | D:12     | Identified the +2 shortbow of Sharp Integrity {speed, rPois
                  | rC- rN+ Int+4}
 57215 | Vaults:1 | Identified the +5 longbow of Spores {heavy, Will+ Dex+5
                  | Stlth+}
 57347 | Vaults:1 | Identified the +5 spear of Xiommoff {speed, rElec rF+
                  | Dex-4}
 57366 | Vaults:1 | Found Dasyq's Armour Emporium.
 57654 | Vaults:1 | Noticed Zenata
 57931 | Vaults:1 | Reached skill level 10 in Armour
 57971 | Vaults:1 | HP: 3/129 [+3 scimitar of electrocution[Zenata] (7)]
 58907 | Vaults:1 | Slain by a +3 trident of venom

Illustrated notes

Levels and vault maps discovered:
D:1:      evilmike_arrival_plus, layout_basic
D:2:      layout_rooms, serial_forest, infiniplex_forest_straight_2,
          infiniplex_forest_lined_room_, infiniplex_forest_lined_corner,
          infiniplex_forest_end_double, infiniplex_forest_lined_2,
          infiniplex_forest_join, infiniplex_forest_corner_1,
          infiniplex_forest_clump_small, dreamdust_ecumenical_altar_grove,
          uniq_robin
D:3:      layout_basic, vehumet_statue, portal_sewer_entry_e,
          chequers_serial_rivers_room_a, grunt_ministairs_9, uniq_natasha
D:4:      layout_basic, grunt_dithmenos_smoke, minmay_temple_entry_waves
D:5:      layout_basic, serial_shops, shop, serial_rivers,
          chequers_serial_rivers_micro_d, chequers_serial_rivers_micro_e,
          chequers_serial_rivers_small_3, chequers_serial_rivers_room_b,
          chequers_serial_rivers_micro_c, uniq_menkaure, uniq_grinder
D:6:      layout_rooms, mainiacjoe_overflow_brackets, serial_shops, shop
D:7:      layout_cave_pools, overflow_temple_1_default, serial_shops,
          nicolae_shop_window_shopping, grunt_tough_drop, uniq_pikel
D:8:      layout_gridville, minitemple, corexii_corridor_pit,
          minmay_mini_ossuary, uniq_psyche
D:9:      layout_irregular_city, kennysheep_slug_shrine, st_stairs_11,
          nicolae_lava_and_water
D:10:     layout_loops_corners, nicolae_ru_the_path_less_chosen, uniq_josephine
D:11:     layout_basic, lair_entry_dummy, ebering_ghost_reflecting_pool,
          uniq_erolcha
D:12:     lemuel_traditional_vault, layout_basic, minmay_orc_entry_guard_dogs
D:13:     layout_basic, okawaru_trees_1
D:14:     layout_big_octagon, nicolae_trove_entry_crystal,
          grunt_decor_mini_mirrors
D:15:     grunt_enter_depths_snipers, layout_loops_ring, zin_angel,
          minmay_misc_feat_encased, xom_shifter_show, uniq_kirke
Temple:   nicolae_temple_figure_eight
Lair:1:   layout_gridlike, special_room [special_room_bee],
          nicolae_lair_lil_pond, serial_bayou_shore_b, grunt_megastairs_2
Lair:2:   layout_gridlike, alex1729_swamp_entry_worm_eleionoma, basic_altar,
          beast_lair_carwin_3, serial_bayou_shore_a
Lair:3:   layout_regular_city, nicolae_spider_entry_tight_spaces, basic_altar
Lair:4:   layout_misc_corridors, gammafunk_ghost_cemetery,
          cheibrodos_lair_lostbears, uniq_urug, uniq_sonja
Lair:5:   cheibrodos_lair_end_hotspot, layout_regular_city,
          nicolae_slime_entry_field_trip, basic_altar, enter_volcano_3,
          patterned_corridor, uniq_rupert
Swamp:1:  nicolae_swamp_ascending_descending_big, layout_basic_swamp,
          gammafunk_ghost_wrathful_warriors, nicolae_swamp_trees_clearing
Swamp:2:  layout_falls_marsh, evilmike_swamp_ruin_house_4, swamp_pool_1_2
Swamp:3:  layout_falls_marsh, hangedman_swamp_cone, swamp_pool_4,
          hangedman_swamp_pad, nicolae_swamp_decorative_isthmus
Swamp:4:  swamp_icy, layout_basic_swamp, swamp_pool_1_2, beargit_kiku_chapel
Spider:1: layout_spider_delve
Spider:2: layout_spider_delve, uniq_azrael
Spider:3: layout_chambers, hangedman_spider_tarantella_strand
Spider:4: grunt_spider_rune_circles, uniq_asterion, uniq_louise
Orc:1:    layout_caves, serial_shops, nicolae_shop_stone,
          nicolae_shop_vocational
Orc:2:    st_orc_open, layout_diamond_mine, elves_outpost_lemuel
Vaults:1: st_octagons_2, ontoclasm_vaults_gateway, v_pattern_4,
          hangedman_vaults_nodes, nicolae_vaults_circle_grid_a,
          ontoclasm_vaults_misaligned, nicolae_vaults_specimen_jars,
          nicolae_vaults_taking_the_gang_shopping, v_misc_26,
          hangedman_vaults_stretched_pinwheel, layout_vaults_omnicross,
          uniq_zenata
Vaults:2: vaults_room_hallway, vaults_room_semicircle,
          nicolae_vaults_trapezoid_layered, nicolae_vaults_mush_room,
          nicolae_vaults_tetromino_L_1, vaults_mumra_hex, v_rooms_4,
          hangedman_vaults_nails, nicolae_vaults_house_1,
          dpeg_vaults_monster_box, nicolae_vaults_tetromino_Z_1,
          layout_vaults_big_room, serial_shops, shop, shop, shop,
          nicolae_shop_waterfront

Skill      XL: |  1  2  3  4  5  6  7  8  9 10 11 12 13 14 15 16 17 18 |
---------------+-------------------------------------------------------+-----
Dodging        | 2 3 4 5 6 7 8 9 10 | 10.0
Stealth        | 2 3 4 5 6 7 |  7.0
Necromancy     | 5 6 8 9 10 12 14 15 16 17 | 17.8
Spellcasting   | 3 4 5 6 7 9 10 11 12 13 14 | 14.0
Short Blades   | 1 2 3 4 5 6 7 8 |  8.0
Fighting       | 2 3 4 5 6 7 9 |  9.2
Evocations     | 1 4 5 6 |  6.0
Armour         | 2 4 5 7 9 10 | 10.0
Summonings     | 2 9 11 13 14 | 14.0
Hexes          | 4 5 |  5.0
Shields        | 5 6 8 |  8.0

Action                     |  1- 3 |  4- 6 |  7- 9 | 10-12 | 13-15 | 16-18 || total
---------------------------+-------+-------+-------+-------+-------+-------++-------
  Melee: Unarmed           |     3 |       |     4 |       |       |       ||     7
         Short sword       |    37 |   115 |   244 |   533 |   748 |   537 ||  2214
         Punch             |       |     2 |     6 |    10 |    16 |       ||    34
         Dagger            |       |       |       |   339 |   221 |       ||   560
  Throw: Throwing net      |       |       |     1 |       |     2 |       ||     3
         Dart              |       |       |    11 |    17 |    14 |       ||    42
   Cast: Necrotise         |    54 |    75 |   126 |    91 |    82 |    11 ||   439
         Vampiric Draining |       |       |    20 |    47 |   145 |    40 ||   252
         Cigotuvi's Dreadf |       |       |     3 |     1 |     1 |       ||     5
         Curse of Agony    |       |       |       |    54 |   136 |    40 ||   230
         Anguish           |       |       |       |    25 |    63 |    24 ||   112
         Dispel Undead     |       |       |       |    13 |    32 |    45 ||    90
         Animate Dead      |       |       |       |    13 |    28 |    29 ||    70
         Summon Mana Viper |       |       |       |       |    27 |    13 ||    40
         Haunt             |       |       |       |       |       |   180 ||   180
         Sublimation of Bl |       |       |       |       |       |     1 ||     1
 Invoke: Receive Forbidden |       |       |       |       |     1 |       ||     1
         Unearth Wretches  |       |       |       |       |     1 |       ||     1
  Evoke: Wand              |       |       |    17 |     8 |    30 |     5 ||    60
    Use: Potion            |       |     4 |     1 |     3 |     7 |    10 ||    25
         Scroll            |       |     3 |     5 |    15 |    22 |    19 ||    64
   Stab: Sleeping          |     1 |       |     3 |     9 |    21 |       ||    34
         Paralysed         |       |     8 |    17 |    72 |    98 |    80 ||   275
         Held in net/web   |       |       |     1 |       |       |       ||     1
         Distracted        |       |       |       |     5 |    11 |     8 ||    24
 Armour: Robe              |    27 |    67 |   151 |    17 |    57 |   147 ||   466
         Skin              |       |       |     9 |       |       |       ||     9
         Leather armour    |       |       |       |   393 |   246 |       ||   639
         Ring mail         |       |       |       |       |   590 |   638 ||  1228
  Dodge: Dodged            |    43 |    87 |   201 |   487 |   721 |   532 ||  2071
  Block: Other             |       |       |    47 |   173 |   123 |       ||   343
         Reflection        |       |       |     5 |     9 |     3 |       ||    17
         Buckler           |       |       |       |       |    72 |   315 ||   387

Table legend: (Time is in decaauts)
 A = Elapsed time spent in this place.
 B = Non-inter-level travel time spent in this place.
 C = Inter-level travel time spent in this place.
 D = Time resting spent in this place.
 E = Time spent auto-exploring this place.
 F = Levels seen in this place.
 G = Mean time per level.
                   A        B        C        D        E       F      G
               +--------+--------+--------+--------+--------+-----+--------+
         Total |  59184 |  51980 |   7204 |  13351 |  15357 |  34 | 1740.7 |
       Dungeon |  25845 |  22033 |   3812 |   4541 |   8432 |  15 | 1723.0 |
        Temple |     66 |     36 |     30 |      0 |      0 |   1 |   66.0 |
          Lair |  11777 |  10303 |   1474 |   2495 |   3102 |   5 | 2355.4 |
         Swamp |   7496 |   6804 |    692 |   2064 |   1238 |   4 | 1874.0 |
   Spider Nest |   7758 |   6941 |    817 |   2121 |   1573 |   4 | 1939.5 |
  Orcish Mines |   3798 |   3530 |    268 |   1317 |    724 |   2 | 1899.0 |
        Vaults |   2291 |   2183 |    108 |    678 |    286 |   2 | 1145.5 |
       Volcano |    150 |    150 |      0 |    135 |      0 |   1 |  150.0 |
               +--------+--------+--------+--------+--------+-----+--------+

Top non-repeatable levels by time:
Spider:3: 3440 daAuts
  Lair:2: 3060 daAuts
    D:10: 2992 daAuts
    D:12: 2819 daAuts
  Lair:3: 2756 daAuts
   Orc:1: 2403 daAuts
     D:7: 2324 daAuts
  Lair:5: 2318 daAuts
Vaults:1: 2288 daAuts
     D:5: 2280 daAuts
     D:8: 2183 daAuts
 Swamp:3: 2112 daAuts
Spider:1: 2112 daAuts
    D:11: 2075 daAuts
 Swamp:4: 1959 daAuts
